 Dungeon Crawl Stone Soup version 0.18.1-50-g88ac8fd (webtiles) character file.

165131 Miyamura the Basher (level 17, -11/170 HPs)
             Began as a Troll Wanderer on Sept 24, 2016.
             Was a High Priest of Okawaru.
             Shot with a bolt by a naga sharpshooter (24 damage)
             ... led by Vashnia
             ... on level 2 of the Snake Pit on Sept 27, 2016.
             The game lasted 02:06:08 (34205 turns).

Miyamura the Basher (Troll Wanderer)               Turns: 34205, Time: 02:06:09

Health: -11/170    AC: 26    Str: 30    XL:     17   Next: 27%
Magic:  17/23      EV: 13    Int: 14    God:    Okawaru [*****.]
Gold:   780        SH:  0    Dex: 10    Spells: 7 memorised, 2 levels left

rFire  . . .     SeeInvis .     K - +3 giant spiked club
rCold  . . .     Gourm    +     c - +2 shadow dragon armour "Quekueh" {rElec rC- rN++ Str+2 Stlth++++}
rNeg   + + +     Faith    .     (shield currently unavailable)
rPois  +         Spirit   .     y - +2 hat {MR+}
rElec  +         Dismiss  .     z - +1 cloak {MR+}
rCorr  .         Reflect  .     (gloves unavailable)
SustAt .         Harm     .     (boots unavailable)
MR     ++++.                    P - amulet "Jiede" {+Rage rN+ Str+4}
Stlth  +++.......               u - ring of protection from cold
                                U - ring of poison resistance

@: lethally poisoned (-11 -> -11), heroism, finesse, very slightly contaminated,
incredibly resistant to hostile enchantments, fairly stealthy
A: unfitting armour, claws 3, slimy green scales 1, clever 1, fast metabolism 3,
gourmand, magic resistance 1, regeneration 2, shaggy fur 1, tough skin 2
a: Heroism, Finesse, Renounce Religion, Evoke Berserk Rage


You were on level 2 of the Snake Pit.
You worshipped Okawaru.
Okawaru was extremely pleased with you.
You were hungry.

You visited 6 branches of the dungeon, and saw 29 of its levels.
You visited the Abyss 1 time.
You visited 1 bazaar.
You also visited: Labyrinth and Ice Cave.

You collected 3951 gold pieces.
You spent 3171 gold pieces at shops.

Inventory:

Hand Weapons
 K - a +3 giant spiked club (weapon)
 W - a +4 quick blade
Missiles
 g - 7 silver javelins
 j - 2 throwing nets
 O - 667 stones
 R - 34 large rocks (quivered)
Armour
 c - the +2 shadow dragon armour "Quekueh" (worn) {rElec rC- rN++ Str+2 Stlth++++}
   (Okawaru gifted it to you in a labyrinth)

   It affects your strength (+2).
   It makes you vulnerable to cold.
   It insulates you from electricity.
   It greatly protects you from negative energy.
   It makes you much more stealthy.
 t - a +1 hat of see invisible
 y - a +2 hat of magic resistance (worn)
 z - a +1 cloak of magic resistance (worn)
 H - a +2 large shield
Jewellery
 u - a ring of protection from cold (right claw)
 E - an uncursed ring of flight
 F - the brooch of Shielding {Reflect SH+8}
   (You bought it in a shop in a bazaar)

   [amulet of reflection]

   It shields you and reflects attacks.
   It affects your SH (+8).
 P - the amulet "Jiede" (around neck) {+Rage rN+ Str+4}
   (You bought it in a shop in a bazaar)

   [amulet of rage]

   It affects your strength (+4).
   It protects you from negative energy.
   It lets you go berserk.
 S - an uncursed ring of positive energy
 U - a ring of poison resistance (left claw)
 Y - an uncursed ring of protection from magic
Wands
 n - a wand of disintegration (17/24)
 p - a wand of digging (6/24)
 v - a wand of teleportation (4/9)
 T - a wand of polymorph (9/24)
Scrolls
 a - 6 scrolls of fog
 e - 2 scrolls of amnesia
 h - a scroll of silence
 k - 7 scrolls of remove curse
 w - a scroll of fear
 A - a scroll of holy word
 B - a scroll of magic mapping
 G - a scroll of blinking
 I - 2 scrolls of enchant armour
 X - a scroll of recharging
Potions
 b - 2 potions of haste
 m - 5 potions of brilliance
 o - 6 potions of heal wounds
 q - 8 potions of curing
 r - a potion of cancellation
 s - a potion of lignification
 C - 2 potions of might
 D - 5 potions of flight
 J - 2 potions of agility
 L - 2 potions of resistance
 N - 2 potions of ambrosia
 Z - a potion of berserk rage
Books
 x - Roxanne's Tome of Earth
   (You took it off Roxanne on level 2 of the Snake Pit)

   Spells                             Type                      Level
   a - Sandblast                      Earth                        1
   b - Stone Arrow                    Conjuration/Earth            3
   c - Statue Form                    Transmutation/Earth          6
   d - Shatter                        Earth                        9
Miscellaneous
 l - a lamp of fire
 Q - a fan of gales
Comestibles
 f - 12 bread rations
 M - 7 meat rations


   Skills:
 + Level 11.3(16.3) Fighting
 * Level 14.9(19.9) Maces & Flails
   Level 1.0(6.0) Bows
 - Level 6.3(11.3) Throwing
 + Level 5.6(10.6) Armour
 - Level 11.2(16.2) Dodging
 - Level 1.0(6.0) Shields
 - Level 7.3(12.3) Unarmed Combat
 - Level 1.2 Spellcasting
 - Level 1.0 Earth Magic
 - Level 6.0 Invocations
 + Level 10.2 Evocations


You had 2 spell levels left.
You knew the following spells:

 Your Spells              Type           Power        Failure   Level  Hunger
a - Apportation           Tloc           #.........   91%         1    ##.....
b - Sandblast             Erth           #.....       75%         1    ##.....
s - Statue Form           Trmt/Erth      #........    100%        6    #######
B - Blink                 Tloc           N/A          98%         2    ###....
C - Cure Poison           Pois           #.........   98%         2    ###....
R - Repel Missiles        Chrm/Air       #.....       98%         2    ###....
S - Swiftness             Chrm/Air       #.......     98%         2    ###....


Dungeon Overview and Level Annotations

Branches:
Dungeon (15/15)            Temple (1/1) D:5            Lair (8/8) D:9
 Shoals (0/4) Lair:6        Snake (2/4) Lair:5        Slime (0/6) Lair:8
    Orc (2/2) D:11            Elf (0/3) Orc:2        Vaults (0/5) D:13
 Depths (1/5) D:15

Altars:
Ashenzari
Cheibriados
Dithmenos
Elyvilon
Fedhas
Gozag
Kikubaaqudgha
Makhleb
Nemelex Xobeh
Okawaru
Pakellas
Ru
Sif Muna
Vehumet
Xom
Yredelemnul
Zin
The Shining One
Beogh
Jiyva

Shops:
D:7 (%(!   D:11 =   D:13 :=*   Orc:1 *   Orc:2 ([=!

Annotations:
D:5 4 runed doors
Snake:2 Vashnia
Depths:1 exclusion: great orb of eyes


Innate Abilities, Weirdness & Mutations

You are too large for most types of armour.
You have claws for hands.
Your metabolism is lightning-fast.
You like to eat raw meat.
You heal very quickly.
You are covered in fur (AC +1).
You have very tough skin (AC +2).
You are partially covered in slimy green scales (AC +2).
Your mind is acute. (Int +2)
You are resistant to hostile enchantments.


Message History

Press: ? - help, Dir - move target cursor You escape the naga warrior's grasp.
You are very lightly contaminated with residual magic.
As you read the scroll of blinking, it crumbles to dust. 5 naga sharpshooters and Vashnia come into view.
You feel sick.
Vashnia unwields an uncursed halberd of venom.
It stops dripping with poison.
Vashnia wields a runed longbow.
It is covered in frost.
Vashnia casts a spell.
Vashnia magically shoots an arrow.
The arrow hits you!
* * * LOW HITPOINT WARNING * * *
The arrow freezes you.
* * * LOW HITPOINT WARNING * * *
The naga sharpshooter unwields an uncursed hand axe.
The naga sharpshooter wields an arbalest.
The naga sharpshooter mumbles some strange words.
The naga sharpshooter magically shoots a bolt.
The bolt hits you!!
You die...

#..NN(.##...
#...S)....#
.......N†..#...
N........:...#
...........###
...S....#.##
..##.####.# .
#. ##.# #. #.@#
#..# #N..#
#N.... N.N....
.N.##...# #..N
##.## ... #.#


You could see Vashnia, 5 naga sharpshooters and a guardian serpent.

Vanquished Creatures
  Nikola (Lair:5)
  Frances (D:13)
  Kirke (Lair:6)
  Gastronok (D:8)
  Roxanne (Snake:2)
  A greater naga (Snake:2)
  3 orc warlords
  An ettin (D:15)
  The ghost of Thomus the Eclecticist, a journeyman DECj of Vehumet (Lair:8)
  A minotaur (Lab)
  A vault guard (D:13)
  The ghost of Lluna the Sharpshooter, a journeyman KoHu of Gozag (D:14)
  10 hydras
  Harold (D:12)
  Erolcha (D:8)
  The ghost of Thomus the Thaumaturge, a journeyman DECj of Vehumet (IceCv)
  5 centaur warriors
  2 ice dragons (IceCv)
  3 catoblepae (Lair:8)
  5 naga warriors (Snake:1)
  2 anacondas
  An ogre mage (D:15)
  2 tengu warriors (D:15)
  24 death yaks
  The ghost of Duraxyll the Nimble, a novice MfBe of Trog (D:8)
  The ghost of jombi the Nimble, a novice DsCK of Xom (Lair:1)
  An orc high priest (Orc:2)
  2 naga sharpshooters (Snake:1)
  A shock serpent (Snake:1)
  A deep troll (D:15)
  An unseen horror (D:12)
  A wizard (D:15)
  Pikel (D:7)
  2 orc knights
  7 hill giants
  An oklob plant (Lair:6)
  2 mana vipers (Snake:1)
  3 orc sorcerers
  4 deep elf magi (D:15)
  3 griffons (D:11)
  16 ugly things
  2 salamanders (Snake:1)
  4 cyclopes
  A hornet (shapeshifter) (D:14)
  Maurice (D:8)
  2 centaur zombies (D:12)
  A black mamba (shapeshifter) (D:15)
  2 ice statues (IceCv)
  2 torpor snails
  10 black mambas
  5 naga magi
  A water nymph (shapeshifter) (D:15)
  3 gargoyles
  15 spiny frogs
  5 rime drakes
  5 centaur skeletons
  8 komodo dragons
  A yaktaur (D:15)
  A kobold demonologist (D:15)
  A tengu conjurer (D:15)
  An efreet (D:13)
  9 trolls
  7 polar bears
  Grinder (D:4)
  A merfolk (Lair:2)
  9 blink frogs
  A boulder beetle (Lair:8)
  A two-headed ogre (D:10)
  2 shadows (D:15)
  A centaur simulacrum (D:15)
  2 redbacks (Lab)
  2 vampires (D:13)
  A wraith (D:11)
  47 yaks
  3 basilisks
  4 hungry ghosts
  2 water elementals (D:15)
  3 wyverns
  4 steam dragons
  12 hippogriffs
  A hog (D:11)
  3 wargs
  A mottled dragon (D:15)
  A soldier ant (D:14)
  7 nagas
  4 swamp worms (Lair:6)
  21 water moccasins
  14 porcupines
  4 sky beasts
  2 slaves (D:7)
  26 ice beasts
  42 orc warriors
  A black bear (D:8)
  An eye of draining (shapeshifter) (D:13)
  15 ogres
  3 eyes of draining
  15 wolves
  18 centaurs
  21 crocodiles
  A big kobold (D:13)
  24 giant frogs
  A gnoll sergeant (D:9)
  8 scorpions
  13 killer bees
  4 wights (D:11)
  6 electric eels
  5 howler monkeys
  12 crimson imps
  2 giant frog zombies
  7 hounds
  3 jellies
  A quasit (D:15)
  4 giant frog skeletons
  28 orc priests
  A gnoll shaman (Orc:1)
  39 orc wizards
  10 iguanas
  14 worker ants
  Terence (D:2)
  34 sheep
  A hound zombie (D:6)
  4 worker ant zombies
  8 gnolls
  117 river rats
  9 adders
  A howler monkey skeleton (D:8)
  5 shadow imps
  An ufetubus (Lair:1)
  An adder zombie (D:6)
  An adder skeleton (D:7)
  15 worms
  2 dart slugs
  2 giant geckos
  113 orcs
  7 ball pythons
  10 bats
  7 giant cockroaches
  8 hobgoblins
  3 jackals (D:2)
  6 quokkas
  2 giant gecko skeletons
  4 giant newts
  6 goblins
  21 kobolds
  A quokka zombie (D:5)
  13 rats
1088 creatures vanquished.

Vanquished Creatures (collateral kills)
  An orc wizard (Orc:1)
  2 gnolls (Orc:1)
  An orc (Orc:1)
4 creatures vanquished.

Vanquished Creatures (others)
  A naga warrior (Snake:1)
  A naga ritualist (Snake:1)
  2 humans (Lair:6)
  A mottled dragon (D:14)
  A naga (Snake:1)
  A crimson imp (D:10)
  A river rat (Lair:6)
  A giant gecko (D:10)
  2 orcs (Orc:2)
  2 quokkas
  18 fungi
  27 plants
58 creatures vanquished.

Grand Total: 1150 creatures vanquished

Notes
Turn   | Place    | Note
--------------------------------------------------------------
     0 | D:1      | Miyamura the Troll Wanderer began the quest for the Orb.
     0 | D:1      | Miyamura set off with: a +2 shortbow, 27 arrows, a +0 robe, a wand of random effects (15/48), 2 bread rations
     0 | D:1      | Reached XP level 1. HP: 19/19 MP: 1/1
   216 | D:1      | Reached XP level 2. HP: 28/28 MP: 2/2
   994 | D:2      | Reached XP level 3. HP: 33/35 MP: 3/3
  1204 | D:2      | Noticed Terence
  1288 | D:2      | Reached skill level 1 in Maces & Flails
  1288 | D:2      | Reached skill level 1 in Unarmed Combat
  1609 | D:2      | Killed Terence
  1609 | D:2      | Reached XP level 4. HP: 42/42 MP: 4/4
  2442 | D:3      | Found a deep blue altar of Sif Muna.
  2442 | D:3      | Found an ancient bone altar of Kikubaaqudgha.
  2443 | D:3      | Found a radiant altar of Vehumet.
  2446 | D:3      | Identified Kikubaaqudgha's Reference Book on Dark Arts (You found it on level 3 of the Dungeon)
  2649 | D:3      | Reached XP level 5. HP: 49/49 MP: 5/5
  2687 | D:3      | Reached skill level 1 in Throwing
  2789 | D:4      | Noticed Grinder
  2937 | D:4      | Identified the Incunabulum of the Flamy Birds
  2977 | D:4      | Paralysed by Grinder for 6 turns
  2987 | D:4      | Killed Grinder
  2987 | D:4      | Reached skill level 2 in Maces & Flails
  2987 | D:4      | Reached XP level 6. HP: 16/59 MP: 6/6
  3192 | D:4      | Reached XP level 7. HP: 66/66 MP: 7/7
  3322 | D:5      | Entered Level 5 of the Dungeon
  3495 | D:5      | Found a large runed door.
  3496 | D:5      | Found a large runed door.
  3507 | D:5      | Found a large runed door.
  3507 | D:5      | Found a large runed door.
  3751 | D:5      | Found a staircase to the Ecumenical Temple.
  3760 | Temple   | Entered the Ecumenical Temple
  3839 | Temple   | Became a worshipper of Warmaster Okawaru
  4177 | D:5      | Reached skill level 3 in Maces & Flails
  4177 | D:5      | Reached XP level 8. HP: 75/75 MP: 9/9
  4709 | D:6      | Gained mutation: You are robust (+10% HP). [mutagenic meat]
  4710 | D:6      | Gained mutation: You are partially covered in slimy green scales (AC +2). [mutagenic meat]
  4714 | D:6      | Found a shimmering altar of Xom.
  4759 | D:6      | Reached * piety under Okawaru
  5571 | D:7      | Reached skill level 4 in Maces & Flails
  5597 | D:6      | Reached XP level 9. HP: 43/92 MP: 7/10
  6022 | D:7      | Found Lim Ibby's Weapon Emporium.
  6034 | D:7      | Found Fuzyp's Food Shoppe.
  6245 | D:7      | Found Nilohios's Antique Weapon Shoppe.
  6312 | D:7      | Found Mutuluas's Distillery.
  6320 | D:7      | Bought a potion of mutation for 30 gold pieces
  6320 | D:7      | Bought a potion of haste for 120 gold pieces
  6320 | D:7      | Bought a potion of ambrosia for 96 gold pieces
  6320 | D:7      | Bought a potion of curing for 36 gold pieces
  6320 | D:7      | Gained mutation: You are resistant to hostile enchantments. [potion of mutation]
  6320 | D:7      | Gained mutation: You tend to lose your temper in combat. [potion of mutation]
  6324 | D:7      | Found a shadowy altar of Dithmenos.
  6458 | D:7      | Reached skill level 5 in Unarmed Combat
  6521 | D:7      | Reached ** piety under Okawaru
  7093 | D:8      | Noticed Erolcha
  7095 | D:8      | Noticed Duraxyll's ghost (novice MfBe)
  7199 | D:8      | Killed Erolcha
  7199 | D:8      | Reached skill level 5 in Fighting
  7199 | D:8      | Reached skill level 5 in Throwing
  7199 | D:8      | Reached skill level 5 in Dodging
  7207 | D:8      | Killed Duraxyll's ghost
  7207 | D:8      | Reached *** piety under Okawaru
  7207 | D:8      | Reached skill level 5 in Maces & Flails
  7207 | D:8      | Reached XP level 10. HP: 51/105 MP: 10/12
  7249 | D:8      | Found a sacrificial altar of Ru.
  7283 | D:8      | Noticed Pikel
  7362 | D:7      | Killed Pikel
  7362 | D:7      | Reached **** piety under Okawaru
  7395 | D:8      | Noticed Gastronok
  7398 | D:8      | Gained mutation: You can translocate small distances at will. [potion of beneficial mutation]
  7422 | D:8      | Killed Gastronok
  7422 | D:8      | Reached ***** piety under Okawaru
  7422 | D:8      | Reached skill level 5 in Evocations
  7967 | D:8      | Noticed Maurice
  8568 | D:8      | Killed Maurice
  8568 | D:8      | Reached skill level 6 in Maces & Flails
  8797 | D:9      | Noticed a purple ugly thing
  8829 | D:9      | Killed a purple ugly thing
  8829 | D:9      | Received a gift from Okawaru
  8829 | D:9      | Reached XP level 11. HP: 90/115 MP: 11/14
  8852 | D:9      | Lost mutation: You can translocate small distances at will. [mutagenic meat]
  8853 | D:9      | Gained mutation: Your system is resistant to poisons. [mutagenic meat]
  8855 | D:9      | Gained mutation: Your flesh is heat resistant. [mutagenic meat]
  8957 | D:9      | Found a staircase to the Lair.
  9288 | D:10     | Entered Level 10 of the Dungeon
  9327 | Lair:1   | Entered Level 1 of the Lair of Beasts
  9339 | Lair:1   | Noticed jombi's ghost (novice DsCK)
  9353 | Lair:1   | Killed jombi's ghost
 10293 | Lair:1   | Noticed a seven-headed hydra
 10296 | Lair:1   | Gained mutation: You regenerate. [potion of beneficial mutation]
 10307 | Lair:1   | Killed a seven-headed hydra
 10307 | Lair:1   | Received a gift from Okawaru
 10310 | Lair:1   | Reached skill level 1 in Invocations
 10988 | Lair:2   | Noticed a five-headed hydra
 11011 | Lair:1   | Killed a five-headed hydra
 11011 | Lair:1   | Received a gift from Okawaru
 11011 | Lair:1   | Reached skill level 7 in Maces & Flails
 11089 | Lair:1   | Cast into level 3 of the Abyss (a distortion unwield)
 11106 | Lair:1   | Escaped the Abyss
 11186 | Lair:2   | Noticed Nergalle
 11187 | Lair:2   | Noticed Nergalle
 11187 | Lair:2   | Nergalle changed into Nergalle the merfolk
 11193 | Lair:2   | Killed Nergalle the merfolk
 11496 | Lair:2   | Noticed a five-headed hydra
 11520 | Lair:2   | Killed a five-headed hydra
 12301 | Lair:3   | Received a gift from Okawaru
 12385 | Lair:3   | Learned a level 2 spell: Blink
 12387 | Lair:3   | Learned a level 1 spell: Apportation
 12753 | Lair:3   | Reached XP level 12. HP: 112/129 MP: 15/15
 13082 | Lair:4   | Noticed Sonja
 13083 | Lair:4   | Noticed Sonja
 13083 | Lair:4   | Sonja changed into Sonja the wyvern
 13090 | Lair:4   | Killed Sonja the wyvern
 13090 | Lair:4   | Reached skill level 8 in Maces & Flails
 13234 | Lair:4   | Received a gift from Okawaru
 14622 | Lair:5   | Found a frozen archway.
 14656 | Lair:5   | Received a gift from Okawaru
 14685 | Lair:5   | Reached ****** piety under Okawaru
 14690 | IceCv    | Entered an ice cave
 14690 | IceCv    | Noticed Thomus's ghost (journeyman DECj)
 14721 | IceCv    | Killed Thomus's ghost
 14721 | IceCv    | Reached skill level 9 in Maces & Flails
 14804 | IceCv    | Received a gift from Okawaru
 15196 | IceCv    | Noticed an ice dragon
 15199 | IceCv    | Lost mutation: You tend to lose your temper in combat. [potion of cure mutation]
 15199 | IceCv    | Lost mutation: Your flesh is heat resistant. [potion of cure mutation]
 15199 | IceCv    | Lost mutation: You are robust (+10% HP). [potion of cure mutation]
 15199 | IceCv    | Lost mutation: Your system is resistant to poisons. [potion of cure mutation]
 15199 | IceCv    | Lost mutation: You regenerate. [potion of cure mutation]
 15205 | IceCv    | Killed an ice dragon
 15207 | IceCv    | Noticed an ice dragon
 15212 | IceCv    | Killed an ice dragon
 15837 | Lair:5   | Noticed a six-headed hydra
 15846 | Lair:5   | Killed a six-headed hydra
 15850 | Lair:5   | Reached skill level 5 in Invocations
 15937 | Lair:5   | Reached XP level 13. HP: 76/127 MP: 15/17
 16046 | Lair:5   | Found a staircase to the Snake Pit.
 16222 | Lair:5   | Reached skill level 10 in Maces & Flails
 16624 | Lair:5   | Found a runed door.
 17006 | Lair:6   | Received a gift from Okawaru
 17322 | Lair:6   | Found a staircase to the Shoals.
 17850 | Lair:6   | Noticed Kirke
 17860 | Lair:6   | Noticed a sphinx
 17883 | Lair:6   | Killed Kirke
 18520 | Lair:7   | Found a labyrinth entrance.
 18529 | Lab      | Entered a labyrinth
 18797 | Lab      | Received a gift from Okawaru
 18841 | Lab      | Got a slimy shadow dragon armour {god gift}
 18853 | Lab      | Identified the +2 shadow dragon armour "Quekueh" {rElec rC- rN++ Str+2 Stlth++++} (Okawaru gifted it to you in a labyrinth)
 18942 | Lab      | Noticed a minotaur
 18951 | Lab      | Killed a minotaur
 19272 | Lair:7   | Reached skill level 11 in Maces & Flails
 19513 | Lair:7   | Reached XP level 14. HP: 137/137 MP: 18/18
 19960 | Lair:7   | Gained mutation: Your mind is acute. (Int +2) [potion of beneficial mutation]
 20192 | Lair:7   | Reached XP level 15. HP: 146/146 MP: 17/20
 20252 | Lair:8   | Entered Level 8 of the Lair of Beasts
 20502 | Lair:8   | Noticed Thomus's ghost (journeyman DECj)
 20528 | Lair:8   | Killed Thomus's ghost
 21000 | Lair:8   | Received a gift from Okawaru
 21267 | Lair:8   | Reached skill level 12 in Maces & Flails
 21563 | Lair:8   | Found a viscous altar of Jiyva.
 21563 | Lair:8   | Found a staircase to the Slime Pits.
 21854 | Lair:8   | Received a gift from Okawaru
 23038 | D:10     | Found a blossoming altar of Fedhas.
 23445 | D:11     | Found Qesicysask's Jewellery Shoppe.
 23483 | D:11     | Bought an uncursed ring of protection from cold for 350 gold pieces
 23483 | D:11     | Bought a cursed amulet of inaccuracy for 28 gold pieces
 23483 | D:11     | Bought a cursed ring of loudness for 63 gold pieces
 23483 | D:11     | Bought a cursed ring of teleportation for 63 gold pieces
 23526 | D:11     | Found a huge runed gate.
 23526 | D:11     | Found a huge runed gate.
 23526 | D:11     | Found a huge runed gate.
 23526 | D:11     | Found a huge runed gate.
 23582 | D:11     | Reached skill level 10 in Fighting
 23802 | D:11     | Found a staircase to the Orcish Mines.
 23816 | D:11     | Reached skill level 10 in Dodging
 24268 | Orc:1    | Entered Level 1 of the Orcish Mines
 24285 | Orc:1    | Noticed an orc warlord
 24394 | D:11     | Killed an orc warlord
 24628 | Orc:1    | Noticed an orc warlord
 24666 | D:11     | Killed an orc warlord
 24666 | D:11     | Received a gift from Okawaru
 24715 | Orc:1    | Reached skill level 13 in Maces & Flails
 24992 | Orc:1    | Received a gift from Okawaru
 25249 | Orc:1    | Found Lokio's Assorted Antiques.
 25281 | Orc:1    | Bought a curved wooden wand for 144 gold pieces
 25399 | Orc:1    | Reached XP level 16. HP: 155/158 MP: 21/21
 25690 | Orc:2    | Entered Level 2 of the Orcish Mines
 25749 | Orc:2    | Found a roughly hewn altar of Beogh.
 26122 | Orc:2    | Found a staircase to the Elven Halls.
 26126 | Orc:2    | Found a roughly hewn altar of Beogh.
 26278 | Orc:2    | Found a roughly hewn altar of Beogh.
 26279 | Orc:2    | Found Maliakhle's Distillery.
 26316 | Orc:2    | Bought a potion of might for 48 gold pieces
 26316 | Orc:2    | Bought 2 potions of heal wounds for 120 gold pieces
 26316 | Orc:2    | Bought a potion of flight for 36 gold pieces
 26316 | Orc:2    | Bought a potion of haste for 120 gold pieces
 26316 | Orc:2    | Bought a potion of curing for 36 gold pieces
 26669 | Orc:2    | Found Zoaxtu's Antique Weapon Shop.
 26670 | Orc:2    | Found a roughly hewn altar of Beogh.
 26672 | Orc:2    | Found Vana's Antique Armour Boutique.
 26721 | Orc:2    | Bought a pitted scimitar for 225 gold pieces
 26722 | Orc:2    | Identified the +7 scimitar of Gluttony {flame, Dex+4} (You bought it in a shop on level 2 of the Orcish Mines)
 26802 | Orc:2    | Found a roughly hewn altar of Beogh.
 26824 | Orc:2    | Found Pilest's Jewellery Emporium.
 26829 | Orc:2    | Bought an uncursed ring of poison resistance for 260 gold pieces
 27245 | D:12     | Learned a level 2 spell: Cure Poison
 27286 | D:12     | Noticed Harold
 27299 | D:12     | Killed Harold
 27317 | D:12     | Received a gift from Okawaru
 27431 | D:12     | Noticed Nessos
 27432 | D:12     | Noticed Nessos
 27432 | D:12     | Nessos changed into Nessos the cyclops
 27436 | D:12     | Noticed Nessos
 27436 | D:12     | Nessos the cyclops changed into Nessos the torpor snail
 27442 | D:12     | Killed Nessos the torpor snail
 28022 | D:13     | Found Sofyodefu's Book Boutique.
 28055 | D:13     | Noticed Frances
 28073 | D:13     | Killed Frances
 28393 | D:13     | Found a flickering gateway to a bazaar.
 28401 | Bazaar   | Entered a bazaar
 28401 | Bazaar   | Found Teenk's Jewellery Shoppe.
 28421 | Bazaar   | Found Xeozyrgho's Distillery.
 28429 | Bazaar   | Bought a potion of cancellation for 80 gold pieces
 28430 | Bazaar   | Found Ceublut's Food Shoppe.
 28464 | Bazaar   | Found Hyagh's Food Boutique.
 28500 | Bazaar   | Bought a potion of curing for 30 gold pieces
 28500 | Bazaar   | Bought a potion of haste for 100 gold pieces
 28500 | Bazaar   | Bought a potion of curing for 30 gold pieces
 28500 | Bazaar   | Bought a potion of heal wounds for 50 gold pieces
 28500 | Bazaar   | Bought a potion of heal wounds for 50 gold pieces
 28500 | Bazaar   | Bought a potion of curing for 30 gold pieces
 28500 | Bazaar   | Bought a potion of flight for 30 gold pieces
 28500 | Bazaar   | Bought a potion of agility for 40 gold pieces
 28500 | Bazaar   | Bought a potion of agility for 40 gold pieces
 28514 | Bazaar   | Bought the brooch of Shielding {Reflect SH+8} for 320 gold pieces
 28514 | Bazaar   | Bought the amulet "Jiede" {+Rage rN+ Str+4} for 596 gold pieces
 28590 | D:13     | Found Zisyesef's Assorted Antiques.
 28659 | D:13     | Found Teppipadgh's Jewellery Shoppe.
 28735 | D:13     | Found a gate to the Vaults.
 28939 | D:13     | Received a gift from Okawaru
 29400 | D:14     | Noticed Lluna's ghost (journeyman KoHu)
 29405 | D:14     | Killed Lluna's ghost
 29532 | D:14     | Reached skill level 14 in Maces & Flails
 29774 | D:15     | Entered Level 15 of the Dungeon
 29918 | D:15     | Found an iron altar of Okawaru.
 30379 | D:15     | Found a staircase to the Depths.
 30798 | D:15     | Learned a level 2 spell: Repel Missiles
 31305 | D:15     | Learned a level 2 spell: Swiftness
 31635 | Depths:1 | Entered Level 1 of the Depths
 31855 | Snake:1  | Entered Level 1 of the Snake Pit
 31912 | Snake:1  | Received a gift from Okawaru
 32071 | Snake:1  | Reached skill level 10 in Evocations
 32080 | Snake:1  | Reached skill level 5 in Armour
 32160 | Snake:1  | Noticed Nikola
 32176 | Snake:1  | Reached XP level 17. HP: 113/170 MP: 20/23
 32365 | Lair:5   | Killed Nikola
 32365 | Lair:5   | Received a gift from Okawaru
 32451 | Lair:5   | Got an ichor-stained dire flail {god gift}
 32452 | Lair:5   | Identified the +3 dire flail of Frustration {freeze, -Tele rN+ Dex+4} (Okawaru gifted it to you on level 5 of the Lair of Beasts)
 33352 | Snake:2  | Noticed Roxanne
 33531 | Snake:2  | Killed Roxanne
 33536 | Snake:2  | Identified Roxanne's Tome of Earth (You took it off Roxanne on level 2 of the Snake Pit)
 33544 | Snake:2  | Learned a level 6 spell: Statue Form
 33546 | Snake:2  | Learned a level 1 spell: Sandblast
 34205 | Snake:2  | Noticed Vashnia
 34205 | Snake:2  | Shot with a bolt by a naga sharpshooter

Skill      XL: |  1  2  3  4  5  6  7  8  9 10 11 12 13 14 15 16 |
---------------+-------------------------------------------------+-----
Dodging        | 2 3 4 5 6 7 8 9 10 11 | 11.2
Fighting       | 2 3 4 5 6 7 8 9 10 11 | 11.3
Maces & Flails | 1 2 3 4 5 6 7 9 11 13 14 | 14.9
Unarmed Combat | 1 2 3 4 5 6 7 |  7.3
Throwing       | 1 2 3 5 6 |  6.3
Evocations     | 2 3 4 5 6 7 8 9 10 | 10.2
Invocations    | 3 5 6 |  6.0
Armour         | 4 5 |  5.6
Bows           | |  1.0
Shields        | |  1.0
Spellcasting   | |  1.2
Earth Magic    | |  1.0

Action                   |  1- 3 |  4- 6 |  7- 9 | 10-12 | 13-15 | 16-18 || total
-------------------------+-------+-------+-------+-------+-------+-------++-------
Melee: Unarmed           |   120 |   169 |   321 |    59 |       |       ||   669
       Punch             |       |       |     4 |    11 |     3 |       ||    18
       Giant spiked club |       |       |    14 |   773 |  1259 |  1057 ||  3103
       Whip              |       |       |       |   179 |    29 |       ||   208
       Dagger            |       |       |       |    24 |       |       ||    24
       Quick blade       |       |       |       |       |    21 |       ||    21
Throw: Large rock        |     3 |     8 |    10 |    20 |    19 |    25 ||    85
Invok: Heroism           |       |       |     4 |    18 |    21 |    15 ||    58
       Finesse           |       |       |       |       |     1 |     2 ||     3
 Abil: Evoke Berserk Rag |       |       |       |    14 |    17 |     9 ||    40
Evoke: Wand              |     2 |     1 |     1 |    16 |     7 |     7 ||    34
       Fan of gales      |       |       |       |       |     1 |       ||     1
  Use: Scroll            |       |     8 |     5 |    23 |     4 |     9 ||    49
       Potion            |       |     1 |     3 |     8 |     8 |     3 ||    23
 Stab: Sleeping          |       |       |     1 |       |     4 |     8 ||    13
       Distracted        |       |       |       |     1 |     1 |       ||     2
  Eat: Chunk             |    17 |    19 |    38 |   100 |   129 |    70 ||   373
       Meat ration       |       |       |       |     1 |     1 |     2 ||     4
       Royal jelly       |       |       |       |     1 |       |     1 ||     2
       Beef jerky        |       |       |       |       |       |     4 ||     4
       Pizza             |       |       |       |       |       |     3 ||     3
Armor: Robe              |    42 |    62 |   116 |    21 |       |       ||   241
       Steam dragon armo |       |       |       |   509 |    48 |       ||   557
       Shadow dragon arm |       |       |       |       |   866 |   982 ||  1848
       Ice dragon armour |       |       |       |       |   113 |       ||   113
       Skin              |       |       |       |       |    47 |       ||    47
Dodge: Dodged            |    55 |   102 |   203 |   781 |   845 |   773 ||  2759
